 Dungeon Crawl Stone Soup version 0.18.1-5-g4a78601 (webtiles) character file.

31343 mopl the Unseen (level 13, -1/71 HPs)
             Began as a High Elf Enchanter on May 11, 2016.
             Was a High Priest of Dithmenos.
             Slain by a basilisk (7 damage)
             ... on level 5 of the Lair of Beasts.
             The game lasted 00:51:36 (16837 turns).

mopl the Unseen (High Elf Enchanter)               Turns: 16837, Time: 00:51:36

Health: -1/71      AC:  4    Str:  7    XL:     13   Next: 25%
Magic:  5/28       EV:  2    Int: 22    God:    Dithmenos [*****.]
Gold:   1042       SH:  0    Dex: 19    Spells: 11 memorised, 4 levels left

rFire  . . .     SeeInvis .     a - +0 dagger (speed)
rCold  + . .     Gourm    .     b - +1 robe {rC+}
rNeg   + + +     Faith    .     (no shield)
rPois  ∞         Spirit   .     C - +0 helmet
rElec  .         Dismiss  .     (no cloak)
rCorr  .         Reflect  .     (no gloves)
SustAt .         Harm     .     (no boots)
MR     +....                    R - amulet of regeneration
Stlth  ++++++++++               v - ring of positive energy
                                Y - +3 ring of evasion

@: petrified, very slightly contaminated, wreathed by umbra, repel missiles,
invisible, somewhat resistant to hostile enchantments, uncannily stealthy
A: no striking features
a: Shadow Step, Shadow Form, Renounce Religion


You were on level 5 of the Lair of Beasts.
You worshipped Dithmenos.
Dithmenos was extremely pleased with you.
You were hungry.

You visited 3 branches of the dungeon, and saw 17 of its levels.
You also visited: Sewer and Ice Cave.

You collected 1042 gold pieces.

Inventory:

Hand Weapons
 a - a +0 dagger of speed (weapon)
 Z - a cursed -1 blowgun
Missiles
 g - 7 javelins of penetration (quivered)
 p - 6 needles of sleeping
 K - 4 curare-tipped needles
 L - 78 poisoned needles
 P - 30 tomahawks
Armour
 b - a +1 robe of cold resistance (worn)
 q - a cursed +0 robe
 C - a +0 helmet (worn)
 Q - a +0 buckler
Jewellery
 j - an uncursed ring of flight
 v - a ring of positive energy (right hand)
 H - an uncursed ring of fire
 R - an amulet of regeneration (around neck)
 Y - a +3 ring of evasion (left hand)
Wands
 l - a wand of acid (7/15)
 r - a wand of polymorph (9/24)
 y - a wand of lightning (6/15)
 z - a wand of digging (6/24)
 M - a wand of lightning (8/15)
 N - a wand of polymorph (14/24)
 V - a wand of confusion (13/48)
Scrolls
 c - 2 scrolls of identify {unknown}
 i - a scroll of magic mapping {unknown}
 u - 2 scrolls of recharging {unknown}
 w - 2 scrolls of remove curse {unknown}
 B - 2 scrolls of teleportation {unknown}
 D - a scroll of brand weapon {unknown}
 S - a scroll of amnesia {unknown}
Potions
 e - a potion of beneficial mutation {unknown}
 f - 3 potions of mutation {unknown}
 h - 5 potions of agility {unknown}
 m - a potion of lignification {unknown}
 o - 6 potions of curing {unknown}
 s - a potion of haste {unknown}
 t - 5 potions of heal wounds {unknown}
 x - a potion of invisibility {unknown}
 A - 3 potions of resistance {unknown}
 E - 3 potions of magic {unknown}
 F - 3 potions of might {unknown}
 G - 2 potions of flight {unknown}
 J - a potion of cancellation {unknown}
 T - a potion of degeneration {unknown}
Books
 n - a Young Poisoner's Handbook

   Spells                             Type                      Level
   a - Sting                          Conjuration/Poison           1
   b - Cure Poison                    Poison                       2
   c - Mephitic Cloud                 Conjuration/Poison/Air       3
   d - Olgreb's Toxic Radiance        Poison                       4
   e - Venom Bolt                     Conjuration/Poison           5
 U - a book of Debilitation

   Spells                             Type                      Level
   a - Corona                         Hexes                        1
   b - Slow                           Hexes                        2
   c - Gell's Gravitas                Hexes/Translocation          3
   d - Inner Flame                    Hexes/Fire                   3
   e - Cause Fear                     Hexes                        4
   f - Leda's Liquefaction            Hexes/Earth                  4
Comestibles
 d - 8 bread rations
 k - a beef jerky
 I - 4 chunks of flesh
 O - 9 fruits


   Skills:
 - Level 8.0 Short Blades
 - Level 2.1 Dodging
 * Level 15.5 Stealth
 + Level 10.2 Spellcasting
 * Level 13.2 Hexes
 - Level 3.0 Charms
 - Level 3.0 Translocations
 - Level 3.1 Transmutations
 - Level 3.0 Ice Magic
 - Level 2.0 Earth Magic


You had 4 spell levels left.
You knew the following spells:

 Your Spells              Type           Power        Failure   Level  Hunger
a - Corona                Hex            ######.      1%          1    None
b - Ensorcelled Hibernat  Hex/Ice        #####.       1%          2    None
c - Confuse               Hex            ######..     1%          3    None
d - Tukima's Dance        Hex            ######..     1%          3    None
e - Blink                 Tloc           N/A          2%          2    None
g - Dazzling Spray        Conj/Hex       #####...     1%          3    None
h - Invisibility          Hex            ######..     4%          6    ######.
i - Repel Missiles        Chrm/Air       ###...       6%          2    None
n - Swiftness             Chrm/Air       ###.....     6%          2    None
p - Passwall              Trmt/Erth      ###.......   3%          2    None
C - Cure Poison           Pois           ##........   10%         2    None


Dungeon Overview and Level Annotations

Branches:
Dungeon (11/15)            Temple (1/1) D:7            Lair (5/8) D:11
  Swamp (0/4) Lair:4       Spider (0/4) Lair:4          Orc (0/2) D:9

Altars:
Ashenzari
Cheibriados
Dithmenos
Elyvilon
Fedhas
Gozag
Kikubaaqudgha
Makhleb
Nemelex Xobeh
Okawaru
Pakellas
Qazlal
Ru
Sif Muna
Trog
Vehumet
Xom
Yredelemnul
Zin
The Shining One

Shops:
D:5 (   D:7 %   D:11 *

Annotations:
D:7 4 runed doors
D:11 exclusions: door and hydra
Lair:1 exclusion: hydra


Message History

Press: ? - help, Shift-Dir - straight line, f - you, p - manticore You fade into invisibility!
You are feeling hungry.
The manticore flicks its tail.
The volley of spikes hits the basilisk.
The basilisk hisses angrily.
You have turned to stone.
The wyvern bites you! The basilisk gazes at you.
The manticore flicks its tail.
The volley of spikes hits the plant.
The wyvern bites you! The basilisk bites you. The wyvern bites you!
* * * LOW HITPOINT WARNING * * *
The manticore flicks its tail.
The volley of spikes hits the plant.
The wyvern barely misses you. The basilisk bites you!
* * * LOW HITPOINT WARNING * * *
The wyvern bites you!
* * * LOW HITPOINT WARNING * * *
The basilisk bites you!
You die...

..######.........#.#.l....#
...# #...........#HHHll.# ..#.
##........#.#.HHll.# ..
####....##.#.§§§..#
#########.§§§§.# ###§#### ###
#### ####†#..##### ####
#.####..######.##.......P#
..P####...#..PPl@l...##H......#
..P...........H.÷..†......H....
....###.#....#...####.P......#.
..#.# ######..##.# #.......#.#
..### ####### ##.l....# . ..#
.......# ..# #........# ###
###.....## # ###.#.#


You could see a manticore, a basilisk and a wyvern.

Vanquished Creatures
  2 hydras
  A queen ant (Lair:3)
  4 death yaks (Lair:4)
  Nergalle (D:10)
  2 hill giants
  9 elephants
  A black mamba (Lair:3)
  4 rime drakes
  6 spiny frogs
  A komodo dragon (Lair:2)
  An ice devil (Lair:1)
  3 jumping spiders (Lair:4)
  A troll (D:9)
  7 polar bears
  Prince Ribbit (D:7)
  Grinder (D:3)
  A redback (Lair:4)
  9 yaks
  7 wyverns (Lair:5)
  3 basilisks
  4 hippogriffs
  A steam dragon (Lair:3)
  A hungry ghost (D:8)
  A swamp worm (Lair:4)
  13 soldier ants
  A hell hound (Lair:5)
  8 water moccasins
  10 black bears
  3 porcupines
  2 ice beasts
  4 wasps (D:11)
  A phantom (D:10)
  3 orc warriors
  4 sky beasts
  2 necrophages (D:7)
  6 ogres
  9 centaurs
  8 wolves
  6 crocodiles
  13 giant frogs
  A wyvern zombie (D:10)
  5 scorpions
  9 killer bees
  6 howler monkeys
  4 crimson imps
  A giant frog zombie (D:7)
  3 hounds
  A jelly (D:6)
  A centaur skeleton (D:6)
  A giant frog skeleton (D:4)
  5 orc priests
  Ijyb (D:3)
  7 iguanas
  9 orc wizards
  8 hell rats
  47 worker ants
  4 sheep (Lair:2)
  2 hound skeletons
  3 mummies (D:7)
  A howler monkey zombie (D:6)
  4 gnolls (D:8)
  19 adders
  63 river rats
  3 shadow imps
  12 white imps
  2 oozes
  2 adder zombies
  2 worms
  A dart slug (D:1)
  2 giant geckos
  18 orcs
  10 bats
  7 giant cockroaches
  4 goblins (D:1)
  6 hobgoblins
  18 jackals
  2 quokkas
  5 ball pythons
  A ball python zombie (D:6)
  A giant gecko skeleton (D:4)
  9 giant newts
  16 kobolds
  A quokka skeleton (D:4)
  A quokka zombie (D:7)
  7 rats
  5 plants (Sewer)
505 creatures vanquished.

Vanquished Creatures (others)
  6 fungi
  5 plants
11 creatures vanquished.

Grand Total: 516 creatures vanquished

Notes
Turn   | Place    | Note
--------------------------------------------------------------
     0 | D:1      | mopl the High Elf Enchanter began the quest for the Orb.
     0 | D:1      | Reached XP level 1. HP: 11/11 MP: 4/4
   148 | D:1      | Reached XP level 2. HP: 5/17 MP: 3/6
   152 | D:1      | Learned a level 2 spell: Ensorcelled Hibernation
   848 | D:1      | Reached XP level 3. HP: 9/21 MP: 1/7
   853 | D:1      | Learned a level 3 spell: Confuse
  1133 | D:2      | Reached skill level 4 in Stealth
  1150 | D:2      | Found a deep blue altar of Sif Muna.
  1150 | D:2      | Found an iron altar of Okawaru.
  1150 | D:2      | Found a basalt altar of Yredelemnul.
  1150 | D:2      | Found a sparkling altar of Nemelex Xobeh.
  1150 | D:2      | Found a snail-covered altar of Cheibriados.
  1171 | D:2      | Reached skill level 2 in Short Blades
  1399 | D:2      | Reached XP level 4. HP: 19/27 MP: 1/8
  1718 | D:3      | Noticed Ijyb
  1807 | D:3      | Killed Ijyb
  1807 | D:3      | Reached skill level 4 in Hexes
  1807 | D:3      | Reached skill level 1 in Ice Magic
  1857 | D:3      | Noticed Grinder
  1869 | D:3      | Killed Grinder
  1869 | D:3      | Reached skill level 5 in Stealth
  1869 | D:3      | Reached skill level 3 in Spellcasting
  1869 | D:3      | Reached XP level 5. HP: 26/31 MP: 2/10
  1869 | D:3      | Reached XP level 6. HP: 30/36 MP: 2/11
  1880 | D:3      | Reached skill level 3 in Short Blades
  2311 | D:4      | Learned a level 3 spell: Dazzling Spray
  2347 | D:4      | Reached skill level 2 in Ice Magic
  2830 | D:4      | Reached skill level 6 in Stealth
  2830 | D:4      | Reached skill level 5 in Hexes
  2830 | D:4      | Reached XP level 7. HP: 36/41 MP: 13/13
  2845 | D:4      | Learned a level 3 spell: Tukima's Dance
  2900 | D:5      | Entered Level 5 of the Dungeon
  3006 | D:5      | Reached skill level 4 in Spellcasting
  3036 | D:5      | Learned a level 2 spell: Repel Missiles
  3093 | D:5      | Found Wuho's Weapon Emporium.
  3465 | D:5      | Reached skill level 3 in Ice Magic
  3469 | D:5      | Reached skill level 4 in Short Blades
  3475 | D:5      | Found a shattered altar of Ashenzari.
  3476 | D:5      | Reached skill level 1 in Charms
  3563 | D:5      | Reached XP level 8. HP: 46/46 MP: 8/15
  3658 | D:6      | Reached skill level 7 in Stealth
  3668 | D:6      | Found a glowing drain.
  3757 | Sewer    | Entered a sewer
  5091 | Sewer    | Reached skill level 6 in Hexes
  5346 | D:6      | Reached skill level 2 in Charms
  5583 | D:6      | Learned a level 2 spell: Blink
  5705 | D:6      | Found a sparkling altar of Nemelex Xobeh.
  5974 | D:7      | Found Simolah's Food Emporium.
  6341 | D:6      | Reached skill level 5 in Spellcasting
  6569 | D:7      | Reached skill level 8 in Stealth
  6580 | D:7      | Reached skill level 5 in Short Blades
  6580 | D:7      | Reached skill level 3 in Charms
  6612 | D:7      | Noticed Prince Ribbit
  6713 | D:7      | Killed Prince Ribbit
  6713 | D:7      | Reached skill level 7 in Hexes
  6713 | D:7      | Reached XP level 9. HP: 51/51 MP: 14/18
  6750 | D:7      | Found a staircase to the Ecumenical Temple.
  6774 | Temple   | Entered the Ecumenical Temple
  6795 | Temple   | Became a worshipper of Dithmenos the Shadowed
  6915 | D:7      | Found a huge runed gate.
  6915 | D:7      | Noticed a griffon
  6917 | D:7      | Found a huge runed gate.
  6917 | D:7      | Found a huge runed gate.
  6917 | D:7      | Found a huge runed gate.
  6917 | D:7      | Noticed a polar bear
  6917 | D:7      | Noticed a griffon
  6918 | D:7      | Noticed a polar bear
  6920 | D:7      | Noticed a polar bear
  6926 | D:7      | Noticed a griffon
  7013 | D:7      | Reached skill level 1 in Translocations
  7219 | D:7      | Found a blossoming altar of Fedhas.
  7477 | D:8      | Reached skill level 2 in Translocations
  7498 | D:8      | Reached skill level 9 in Stealth
  7545 | D:8      | Reached skill level 6 in Spellcasting
  7688 | D:8      | Reached skill level 8 in Hexes
  7852 | D:8      | Reached skill level 6 in Short Blades
  7919 | D:8      | Found a radiant altar of Vehumet.
  7996 | D:8      | Reached * piety under Dithmenos
  8169 | D:8      | Reached skill level 3 in Translocations
  8284 | D:8      | Reached skill level 10 in Stealth
  8294 | D:8      | Reached XP level 10. HP: 17/56 MP: 7/20
  8374 | D:8      | Learned a level 2 spell: Passwall
  8389 | D:8      | Learned a level 2 spell: Swiftness
  8580 | D:9      | Found a shimmering altar of Xom.
  8617 | D:9      | Found a staircase to the Orcish Mines.
  8806 | D:9      | Found an oddly glowing altar of Pakellas.
  8811 | D:9      | Found a glowing golden altar of the Shining One.
  8815 | D:9      | Found a white marble altar of Elyvilon.
  8897 | D:10     | Entered Level 10 of the Dungeon
  8926 | D:10     | Reached ** piety under Dithmenos
  9095 | D:10     | Reached skill level 9 in Hexes
  9237 | D:10     | Noticed Nergalle
  9333 | D:10     | Killed Nergalle
  9333 | D:10     | Reached skill level 1 in Transmutations
  9333 | D:10     | Reached skill level 1 in Earth Magic
  9380 | D:10     | Reached skill level 7 in Short Blades
  9453 | D:10     | Noticed a hill giant
  9466 | D:10     | Killed a hill giant
  9466 | D:10     | Reached skill level 11 in Stealth
  9690 | D:10     | Reached skill level 2 in Transmutations
  9756 | D:11     | Noticed a hill giant
  9771 | D:11     | Killed a hill giant
  9771 | D:11     | Reached skill level 2 in Earth Magic
  9951 | D:11     | Found an opulent altar of Gozag.
  9954 | D:11     | Found Gozag's Platinum Reserve.
  9972 | D:11     | Reached skill level 7 in Spellcasting
  9974 | D:11     | Reached XP level 11. HP: 9/61 MP: 7/22
 10139 | D:11     | Noticed a six-headed hydra
 10245 | D:11     | Killed a six-headed hydra
 10296 | D:11     | Noticed a five-headed hydra
 10410 | D:11     | Reached skill level 3 in Transmutations
 10439 | D:11     | Reached *** piety under Dithmenos
 10444 | D:11     | Found a staircase to the Lair.
 10459 | Lair:1   | Entered Level 1 of the Lair of Beasts
 10499 | Lair:1   | Noticed a four-headed hydra
 10580 | Lair:1   | Found a frozen archway.
 10737 | IceCv    | Entered an ice cave
 11090 | Lair:1   | Reached skill level 10 in Hexes
 11519 | Lair:2   | Got a bronze plate armour
 11605 | Lair:2   | Reached skill level 12 in Stealth
 11723 | Lair:2   | Reached skill level 8 in Short Blades
 12753 | Lair:3   | Reached skill level 8 in Spellcasting
 12919 | Lair:3   | Reached skill level 13 in Stealth
 12919 | Lair:3   | Reached skill level 11 in Hexes
 12941 | Lair:3   | Learned a level 6 spell: Invisibility
 13253 | Lair:3   | Reached **** piety under Dithmenos
 13328 | Lair:3   | Noticed a queen ant
 13337 | Lair:3   | Killed a queen ant
 13337 | Lair:3   | Reached XP level 12. HP: 58/66 MP: 17/25
 14441 | Lair:4   | Reached ***** piety under Dithmenos
 14550 | Lair:4   | Reached skill level 14 in Stealth
 14564 | Lair:4   | Noticed a death yak
 14569 | Lair:4   | Noticed a death yak
 14648 | Lair:4   | Noticed a death yak
 14648 | Lair:4   | Noticed a death yak
 14650 | Lair:4   | Killed a death yak
 14650 | Lair:4   | Reached skill level 9 in Spellcasting
 14653 | Lair:4   | Killed a death yak
 14655 | Lair:4   | Killed a death yak
 14655 | Lair:4   | Reached skill level 12 in Hexes
 14664 | Lair:4   | Killed a death yak
 15021 | Lair:4   | Learned a level 2 spell: Cure Poison
 15613 | Lair:4   | Found a hole to the Spider Nest.
 15759 | Lair:4   | Found a staircase to the Swamp.
 15983 | Lair:4   | Reached skill level 15 in Stealth
 16257 | Lair:5   | Reached XP level 13. HP: 65/71 MP: 18/27
 16294 | Lair:5   | Reached skill level 10 in Spellcasting
 16668 | Lair:5   | Reached skill level 13 in Hexes
 16837 | Lair:5   | Slain by a basilisk

Skill      XL: |  1  2  3  4  5  6  7  8  9 10 11 12 13 |
---------------+----------------------------------------+-----
Stealth        | 4 5 6 8 10 11 13 15 | 15.5
Short Blades   | 2 3 4 5 6 7 8 |  8.0
Hexes          | 4 5 7 8 9 11 12 13 | 13.2
Ice Magic      | 1 2 3 |  3.0
Spellcasting   | 3 4 5 6 7 8 9 10 | 10.2
Charms         | 1 3 |  3.0
Translocations | 3 |  3.0
Transmutations | 2 3 |  3.1
Earth Magic    | 2 |  2.0
Dodging        | |  2.1

Action                   |  1- 3 |  4- 6 |  7- 9 | 10-12 | 13-15 || total
-------------------------+-------+-------+-------+-------+-------++-------
Melee: Dagger            |    99 |    61 |  1245 |   591 |    98 ||  2094
 Cast: Corona            |     3 |       |     1 |     1 |       ||     5
       Ensorcelled Hiber |    19 |    11 |   104 |   245 |    26 ||   405
       Confuse           |       |     5 |    13 |    54 |     4 ||    76
       Repel Missiles    |       |       |     1 |     1 |       ||     2
       Tukima's Dance    |       |       |       |     3 |       ||     3
       Dazzling Spray    |       |       |       |     6 |     7 ||    13
       Invisibility      |       |       |       |     7 |     3 ||    10
       Passwall          |       |       |       |     3 |       ||     3
       Blink             |       |       |       |     2 |     1 ||     3
 Abil: Evoke Flight      |       |       |     2 |       |       ||     2
Evoke: Wand              |       |     3 |       |     3 |       ||     6
 Stab: Sleeping          |    20 |    16 |    94 |   207 |    31 ||   368
       Distracted        |     1 |     1 |       |     1 |       ||     3
       Confused          |       |     2 |    11 |    45 |     2 ||    60
       Invisible         |       |       |       |    23 |    18 ||    41
  Eat: Chunk             |     3 |     5 |    20 |    25 |     3 ||    56
       Beef jerky        |       |       |     1 |     1 |       ||     2
       Fruit             |       |       |       |     1 |       ||     1
       Pizza             |       |       |       |     1 |       ||     1
Armor: Robe              |     5 |     8 |    56 |    54 |     9 ||   132
Dodge: Dodged            |    65 |    31 |   253 |   401 |    43 ||   793
       Deflected         |       |       |     1 |       |       ||     1
